Map: Orbital Shipyard

Players

TAUREN - Winner!

  • Race: Protoss Protoss
  • League: Master

Miszu

  • Race: Terran Terran
  • League: Master

VOD

Have the link to the VOD?

Description

Time

  • Played on: March 10, 2016, 5:34 p.m.
  • Length: 5:12
Show
View Real Time Build Order
Export as new Build Order

TAUREN Protoss - Winner!

Build Orders: Oracle Opening 

Get SALT Encoding   

  12  0:01  Probe (Chrono Boost)  
  13  0:11  Probe (Chrono Boost)  
  14  0:17  Pylon  
  14  0:22  Probe (Chrono Boost)  
  15  0:29  Assimilator  
  15  0:36  Probe (Chrono Boost)  
  16  0:43  Gateway  
  16  0:48  Probe (Chrono Boost)  
  17  0:59  Probe (Chrono Boost)  
  17  1:02  Pylon  
  18  1:09  Probe (Chrono Boost)  
  19  1:20  Probe (Chrono Boost)  
  20  1:30  Probe (Chrono Boost)  
  21  1:33  Cybernetics Core  
  21  1:41  Probe (Chrono Boost)  
  21  1:45  Pylon  
  22  1:51  Probe (Chrono Boost)  
  22  1:52  Zealot (Chrono Boost)  
  26  2:10  Mothership Core (Chrono Boost)  
  27  2:17  Assimilator  
  27  2:24  Stalker  
  27  2:29  Probe (Chrono Boost)  
  30  2:32  Nexus  
  30  2:40  Probe (Chrono Boost)  
  31  2:48  Stargate  
  31  2:50  Probe (Chrono Boost)  
  32  3:01  Probe (Chrono Boost)  
  33  3:11  Probe (Chrono Boost)  
  34  3:16  Warp Gate  
  34  3:19  Assimilator  
  34  3:22  Assimilator, Probe (Chrono Boost)  
  35  3:31  Oracle (Chrono Boost)  
  35  3:32  Probe  
  39  3:43  Stalker  
  39  3:44  Probe  
  39  3:46  Pylon  
  42  3:50  Probe  
  43  3:56  Probe  
  43  4:00  Probe  
  49  4:10  Void Ray (Chrono Boost)  
  49  4:11  Probe x2  
  49  4:16  Stalker  
  53  4:30  Probe  
  49  4:56  Probe  
  49  4:58  Probe  
Show
View Real Time Build Order
Export as new Build Order

Miszu Terran 

Build Orders:  

Get SALT Encoding   

  12  0:00  SCV  
  13  0:12  SCV  
  14  0:18  Supply Depot  
  14  0:24  SCV  
  15  0:39  SCV  
  16  0:42  Barracks  
  16  0:45  Refinery  
  16  0:52  SCV  
  17  1:04  SCV  
  18  1:16  SCV  
  19  1:29  Orbital Command  
  19  1:30  Barracks Reactor  
  19  1:37  Engineering Bay  
  19  1:56  Command Center  
  19  1:59  SCV  
  20  2:07  Marine x2  
  22  2:11  Supply Depot  
  22  2:13  SCV  
  23  2:22  Factory  
  23  2:32  Marine x2, SCV  
  26  2:45  SCV  
  26  2:47  Refinery  
  26  2:50  Factory, Marine  
  28  2:53  Marine  
  29  2:59  SCV  
  30  3:10  Orbital Command  
  30  3:11  Supply Depot  
  30  3:17  Barracks Reactor  
  31  3:20  SCV  
  31  3:26  Hellion  
  33  3:28  Hellion  
  35  3:36  Factory  
  35  3:39  SCV  
  36  3:41  SCV  
  37  3:51  SCV  
  37  3:52  Hellion x2  
  42  4:01  Hellion x2  
  46  4:08  SCV  
  46  4:09  SCV  
  48  4:12  Supply Depot  
  48  4:19  Hellion  
  48  4:20  SCV, Factory Tech Lab  
  48  4:21  SCV  
  52  4:28  Hellion  
  54  4:34  Supply Depot, Hellion, SCV x2  
  58  4:41  Widow Mine  
  58  4:42  Widow Mine  
  59  4:46  SCV  
Tags
 
Add a new tag
Caveats
  • Supply blocks, unpowered buildings, or Contaminate may cause inaccurate times.
  • Supply counts are checked every 10 seconds.